 Dungeon Crawl Stone Soup version 0.31-a0-590-g8a5a4361df (webtiles) character file.

Game seed: 13738249499095413706

200 Pooter the Chopper (level 5, -5/47 HPs)
             Began as a Minotaur Berserker on Aug 19, 2023.
             Was a Believer of Trog.
             Slain by Menkaure (20 damage)
             ... on level 4 of the Dungeon.
             The game lasted 00:09:40 (2680 turns).

Pooter the Chopper (Minotaur Berserker)             Turns: 2680, Time: 00:09:40

Health: -5/47      AC:  5    Str: 24    XL:     5   Next: 48%
Magic:  4/4        EV: 11    Int:  4    God:    Trog [**....]
Gold:   110        SH:  0    Dex:  9    Spells: 4/4 levels left

rFire   . . .        a - +9 war axe "Icsaqoh" {freeze, +Blink}
rCold   . . .        (no shield)
rNeg    . . .        c - +0 ring mail
rPois   .            (helmet restricted)
rElec   .            (no cloak)
rCorr   .            (no gloves)
SInv    .            (no boots)
Will    .....        (no amulet)
Stlth   +            (no ring)
HPRegen 0.27/turn    (no ring)
MPRegen 0.09/turn

%: no passive effects
@: no status effects
A: horns 2, retaliatory headbutt
a: Renounce Religion, Evoke Blink, Berserk, Trog's Hand


You were on level 4 of the Dungeon.
You worshipped Trog.
Trog was pleased with you.
You visited 1 branch of the dungeon, and saw 4 of its levels.

You collected 110 gold pieces.

Inventory:

Hand Weapons
 a - the +9 war axe "Icsaqoh" (weapon) {freeze, +Blink}
   (You found it on level 2 of the Dungeon)

   +Blink:    It lets you blink.
 l - the +9 hand axe "Worm" {flame, *Noise rC++ Will+ Dex+3}
   (You found it on level 3 of the Dungeon)

   Dex+3:     It affects your dexterity (+3).
   rC++:      It greatly protects you from cold.
   Will+:     It increases your willpower.
   *Noise:    It may make a loud noise when swung.
Missiles
 j - 2 boomerangs
 Q - 18 stones (quivered)
Armour
 c - a +0 ring mail (worn)
   (You found it on level 1 of the Dungeon)
Jewellery
 b - a ring of ice
   (You found it on level 2 of the Dungeon)
Wands
 q - a wand of mindburst (14)
   (You found it on level 4 of the Dungeon)
Scrolls
 d - a scroll of enchant armour {unknown}
 g - a scroll of brand weapon
 i - 5 scrolls of teleportation {unknown}
 m - a scroll of revelation {unknown}
 o - a scroll of fog {unknown}
 r - 2 scrolls of vulnerability {unknown}
Potions
 e - a potion of haste {unknown}
 f - 3 potions of curing {@q1}
 h - a potion of degeneration {unknown}
 k - 2 potions of might {unknown}
 n - a potion of lignification {unknown}
 p - 2 potions of brilliance {unknown}
 s - a potion of berserk rage {unknown}


   Skills:
 + Level 4.5 Fighting
 * Level 5.4 Axes
 - Level 2.4 Armour
 - Level 2.1 Dodging
 * Level 2.7 Stealth
 + Level 1.1 Evocations


You had 4 spell levels left.
You didn't know any spells.
Your spell library was empty.

Dungeon Overview and Level Annotations

Branches:
Dungeon (3/15) Zot: 21258

Altars:
Xom

Annotations:
D:4 Menkaure


Innate Abilities, Weirdness & Mutations

You have a pair of horns on your head.
You reflexively headbutt those who attack you in melee.


Message History

You start waiting.
You feel the effects of Trog's Hand fading.
You start waiting.
Your skin stops crawling.
You feel less strong-willed.
You start waiting.
You feel yourself speed up.
You start waiting.
You recover from your berserk rage.
Things that are here:
a +0 long sword; a +0 robe; the orc corpse of Blork the orc You see here a +0 helmet.
You open the door.
An orc comes into view. It is wielding a +0 club.
Found 3 scrolls labelled LATULY ATZUE and a lumpy red potion.
The orc shouts!
There is an open door here.
You hit the orc. You freeze the orc.
You kill the orc!
Trog accepts your kill.
i - 5 scrolls labelled LATULY ATZUE (gained 3) Unknown command.
s - a lumpy red potion
Things that are here:
a +0 club; a +0 leather armour
Found an emerald potion.
Found a crooked runed staff.
k - 2 emerald potions (gained 1)
Found 4 poisoned darts.
Found a scroll labelled YTHIH ASEXUDA.
Found a stone staircase leading down.
A sleepcap comes into view.
Menkaure, Prince of Dust comes into view.
Menkaure shouts!
Menkaure's bandages flutter.
Menkaure calls on the powers of darkness!
Your body is wracked with pain!
You fail to use your ability.
Menkaure gestures wildly while chanting.
Menkaure seems to speed up.
You slash the sleepcap! You freeze the sleepcap. You headbutt the sleepcap.
The sleepcap barely misses you.
You slash the sleepcap! You freeze the sleepcap.
You destroy the sleepcap!
Trog accepts your kill. Menkaure barely misses you. You furiously retaliate!
You headbutt Menkaure. You hit Menkaure.
Menkaure calls on the powers of darkness!
Your body is wracked with pain!
* * * LOW HITPOINT WARNING * * *
You hit Menkaure. Menkaure hits you!!
You die...

......................
.##...................
.##..##+######..#####
# .##+##
#..##..######.## ..+
#................ ..#
#................ ..#
#....>...(....... ..#
#...##....##..... .##
##.. #..@.# #### |# #.
#..M?# .# . #.....# .#
#.....# #.....#
#.....# #######


You could see Menkaure (fast).

Vanquished Creatures
  Blork the orc (D:4)
  A sleepcap (D:4)
  An iguana (D:3)
  3 adders (D:2)
  A dart slug (D:2)
  An orc (D:4)
  5 bats
  6 endoplasms
  4 giant cockroaches
  5 goblins
  2 hobgoblins
  2 jackals (D:1)
  3 kobolds
  2 quokkas
  6 ball pythons
  4 frilled lizards
  5 rats
52 creatures vanquished.

Vanquished Creatures (others)
  5 dream sheep (D:3)
5 creatures vanquished.

Grand Total: 57 creatures vanquished

Notes
Turn   | Place    | Note
-------+----------+-------------------------------------------
     0 | D:1      | Pooter the Minotaur Berserker began the quest for the Orb.
     0 | D:1      | Reached XP level 1. HP: 19/19 MP: 0/0
   454 | D:1      | Reached XP level 2. HP: 26/27 MP: 1/1
   695 | D:1      | Reached skill level 4 in Axes
   732 | D:1      | Reached skill level 1 in Stealth
  1020 | D:2      | Reached XP level 3. HP: 30/33 MP: 2/2
  1083 | D:2      | Reached ** piety under Trog
  1275 | D:2      | Found a faded altar of an unknown god.
  1561 | D:2      | Identified the +9 war axe "Icsaqoh" {freeze, +Blink}
  1617 | D:2      | Reached XP level 4. HP: 38/40 MP: 3/3
  1987 | D:3      | Identified the +9 hand axe "Worm" {flame, *Noise rC++ Will+
                  | Dex+3}
  2294 | D:3      | Noticed a dream sheep
  2294 | D:3      | Noticed a dream sheep
  2294 | D:3      | Noticed a dream sheep
  2294 | D:3      | Noticed a dream sheep
  2294 | D:3      | Noticed a dream sheep
  2294 | D:3      | Found a shimmering altar of Xom.
  2298 | D:3      | Killed a dream sheep
  2299 | D:3      | Killed a dream sheep
  2299 | D:3      | Killed a dream sheep
  2299 | D:3      | Killed a dream sheep
  2300 | D:3      | Killed a dream sheep
  2540 | D:3      | You fall into a shaft and drop 1 floor!
  2559 | D:4      | Noticed Blork the orc
  2566 | D:4      | Killed Blork the orc
  2567 | D:4      | Reached skill level 5 in Axes
  2567 | D:4      | Reached skill level 1 in Evocations
  2567 | D:4      | Reached XP level 5. HP: 47/47 MP: 4/4
  2673 | D:4      | Noticed Menkaure
  2680 | D:4      | Slain by Menkaure

Illustrated notes

Levels and vault maps discovered:
D:1:      dpeg_arrival_tiny_a, layout_loops_corners
D:2:      layout_basic, ebering_ecumenical_altar_petrified, hex_large,
          grunt_decor_clamped
D:3:      layout_loops_ring, kb_xom_exploding_sheep, hangedman_ru_absence,
          wander_ebering_terrifying_dragon_lair
D:4:      layout_gridville, nemelex_spade_bored_becter,
          minmay_temple_entry_statues_pillars, uniq_menkaure, uniq_blork_the_orc

Skill      XL: |  1  2  3  4 |
---------------+-------------+-----
Axes           | 4 5 |  5.4
Stealth        | 1 2 |  2.7
Fighting       | 4 |  4.5
Evocations     | 1 |  1.1
Armour         | |  2.4
Dodging        | |  2.1

Action                     |  1- 3 |  4- 6 || total
---------------------------+-------+-------++-------
  Melee: Hand axe          |    51 |       ||    51
         Headbutt          |     8 |     3 ||    11
         Punch             |     1 |       ||     1
         Quarterstaff      |    18 |       ||    18
         War axe           |     4 |    22 ||    26
 Invoke: Berserk           |     3 |     1 ||     4
         Trog's Hand       |       |     1 ||     1
  Evoke: Wand              |       |     1 ||     1
    Use: Scroll            |       |     2 ||     2
 Armour: Ring mail         |    28 |     3 ||    31
         Animal skin       |     1 |       ||     1
  Dodge: Dodged            |    47 |    14 ||    61

Table legend: (Time is in decaauts)
 A = Elapsed time spent in this place.
 B = Non-inter-level travel time spent in this place.
 C = Inter-level travel time spent in this place.
 D = Time resting spent in this place.
 E = Time spent auto-exploring this place.
 F = Levels seen in this place.
 G = Mean time per level.
                   A        B        C        D        E       F      G
               +--------+--------+--------+--------+--------+-----+--------+
         Total |   2740 |   2693 |     47 |    473 |   1766 |   4 |  685.0 |
       Dungeon |   2740 |   2693 |     47 |    473 |   1766 |   4 |  685.0 |
               +--------+--------+--------+--------+--------+-----+--------+

Top non-repeatable levels by time:
     D:1: 1028 daAuts
     D:2: 976 daAuts
     D:3: 582 daAuts
     D:4: 152 daAuts
